 Dungeon Crawl Stone Soup version 0.20-a0-1058-g0491fde (webtiles) character file.

998 Gorglomux the Cleaver (level 8, -23/96 HPs)
             Began as a Hill Orc Berserker on Apr 26, 2017.
             Was an Elder of Trog.
             Annihilated by an ogre
             ... wielding a cursed -1 giant club
              (25 damage)
             ... on level 5 of the Dungeon.
             The game lasted 00:04:43 (3918 turns).

Gorglomux the Cleaver (Hill Orc Berserker)          Turns: 3918, Time: 00:04:43

Health: -23/96     AC:  9    Str: 25    XL:     8   Next: 19%
Magic:  8/8        EV:  8    Int:  7    God:    Trog [****..]
Gold:   242        SH:  0    Dex: 12    Spells: 7/7 levels left

rFire    . . .     SeeInvis .   a - +0 hand axe
rCold    . . .     Gourm    .   (no shield)
rNeg     . . .     Faith    .   w - +0 chain mail
rPois    .         Spirit   .   (no helmet)
rElec    .         Reflect  .   (no cloak)
rCorr    .         Harm     .   (no gloves)
MR       .....                  k - +0 pair of boots
Stlth    ..........             (no amulet)
Regen    0.3/turn               u - ring of stealth {Stlth+}
MPRegen  0.2/turn               (no ring)

@: berserking, very quick
A: no striking features
a: Berserk, Trog's Hand, Brothers in Arms, Burn Spellbooks, Renounce Religion


You were on level 5 of the Dungeon.
You worshipped Trog.
Trog was greatly pleased with you.
You were near starving.

You visited 1 branch of the dungeon, and saw 5 of its levels.

You collected 242 gold pieces.

Inventory:

Hand Weapons
 a - a +0 hand axe (weapon)
Missiles
 F - a throwing net {=f, !d}
 H - 7 curare-tipped needles
Armour
 b - a +0 animal skin
 k - a +0 pair of boots (worn)
   (You found it on level 1 of the Dungeon)
 l - a +0 leather armour
   (You found it on level 1 of the Dungeon)
 w - a +0 chain mail (worn)
   (You found it on level 2 of the Dungeon)
 B - a +0 hat
   (You found it on level 3 of the Dungeon)
Jewellery
 u - a ring of stealth (left hand) {Stlth+}
   (You found it on level 2 of the Dungeon)
Wands
 p - a wand of polymorph (11/24)
   (You took it off a gnoll on level 2 of the Dungeon)
 r - a wand of paralysis (10/24)
   (You found it on level 2 of the Dungeon)
Scrolls
 d - 3 scrolls of remove curse {unknown}
 e - a scroll of magic mapping {unknown}
 f - a scroll of fear {unknown}
 g - 6 scrolls of identify {unknown}
 i - a scroll of recharging {unknown}
 n - 3 scrolls of teleportation {unknown}
 s - 2 scrolls of blinking {unknown}
 t - a scroll of enchant weapon {unknown}
 x - a scroll of noise {unknown}
 y - a scroll of immolation {unknown}
 z - 2 scrolls of fog {unknown}
 D - a scroll of enchant armour {unknown}
 J - a scroll of amnesia {unknown}
Potions
 h - a potion of agility {unknown}
 j - 4 potions of curing {unknown}
 m - a potion of cancellation {unknown}
 o - a potion of invisibility {unknown}
 q - a potion of flight {unknown}
 C - a potion of might {unknown}
 E - 2 potions of heal wounds {unknown}
Comestibles
 c - 4 bread rations {@e1@e1}
 v - 5 meat rations {@e2@e2}
 A - 3 royal jellies
 G - 4 fruits
 I - 7 chunks of flesh {@w0@w0}


   Skills:
 - Level 3.6 Fighting
 + Level 12.3 Axes
 - Level 2.1 Armour
 - Level 1.5 Dodging


You had 7 spell levels left.
You didn't know any spells.

Dungeon Overview and Level Annotations

Branches:
Dungeon (5/15)
 Temple: D:4-7

Altars:
Nemelex Xobeh


Message History

You take 2 damage, and have 45/64 hp.
You hit the scorpion but do no damage. You barely miss the worker ant zombie.
The worker ant zombie bites you but does no damage.
The scorpion stings you.
You hit the scorpion.
You kill the scorpion!
Trog accepts your kill.
You hit the worker ant zombie. The worker ant zombie bites you.
Unknown command.
You take 6 damage, and have 39/64 hp.
You hit the worker ant zombie.
You feel sick.
Unknown command.
The worker ant zombie bites you.
You see here a scorpion corpse.
You take 4 damage, and have 35/64 hp.
You are too injured to fight recklessly!
Unknown command.
You are too injured to fight recklessly!
The worker ant zombie barely misses you.
The worker ant zombie bites you but does no damage.
You feel sick. The worker ant zombie bites you.
You take 3 damage, and have 32/64 hp.
You hit the worker ant zombie.
You destroy the worker ant zombie!
Trog accepts your kill.
You can now call in reinforcements.
You see here a leopard gecko corpse.
You butcher the leopard gecko corpse.
You feel sick.
I - 7 chunks of flesh {@w0@w0} (gained 2)
You take 1 damage, and have 32/64 hp.
You see here a scorpion corpse.
You butcher the scorpion corpse.
You see here 2 inedible chunks of flesh {@w0@w0}.
You hear the hiss of a very distant avalanche of sand.
You feel sick.
You take 1 damage, and have 32/64 hp.
You now have 242 gold pieces (gained 15).
You feel sick.
You are no longer poisoned.
An orc comes into view. It is wielding a whip.
The orc shouts!
The orc moves out of view.
You are too injured to fight recklessly!
The orc is too close now for your liking.
Unknown command.
An orc is nearby!
You are too injured to fight recklessly!
An orc is nearby!
You are too injured to fight recklessly!
An orc is nearby!
Unknown command.
You are too injured to fight recklessly!
You are too injured to fight recklessly!
You are too injured to fight recklessly!
You are too injured to fight recklessly!
You hit the orc. The orc hits you but does no damage.
You barely miss the orc.
You are too injured to fight recklessly!
You closely miss the orc. The orc hits you but does no damage.
An ogre and a crimson imp come into view.
The crimson imp shouts!
The ogre shouts!
You hit the orc.
The crimson imp moves out of view.
The orc hits you but does no damage.
You barely miss the orc.
Unknown command.
Okay, then.
You slash the orc!
You kill the orc!
Trog accepts your kill.
Things that are here:
a whip; an orc corpse The crimson imp completely misses you.
A red film seems to cover your vision as you go berserk!
You feel yourself moving faster!
You feel mighty!
You are feeling very hungry.
The crimson imp barely misses you. The ogre hits you with a giant club!
You now have 34/96 hp.
Your chain mail prevents you from hitting the ogre.
You barely miss the crimson imp. The crimson imp completely misses you.
A hound zombie comes into view.
You completely miss the ogre. You slash the crimson imp!
The ogre hits you with a giant club!
* * * LOW HITPOINT WARNING * * *
You take 11 damage, and have 23/96 hp.
You slash the ogre! You miss the crimson imp.
The crimson imp laughs crazily.
The crimson imp barely misses you.
You barely miss the ogre. You slash the crimson imp!
You kill the crimson imp!
Trog accepts your kill. The ogre hits you with a giant club!!
* * * LOW HITPOINT WARNING * * *
You take 22 damage, and have 1/96 hp.
MASSIVE DAMAGE!!
You hit the ogre.
You are near starving!
You barely miss the ogre.
Unknown command.
You slash the ogre! The ogre hits you with a giant club!!
You die...

### #... #.#. #.#
#.#.###.# #.#..##.#
#.##.##.#
##.######.##.##.#
........).......#
.#...#@..#...#.# #..
#)#O..#.#..######## .
#...#...#..%........
...............#####.
#...#...#...#...##....
#...#[#...#)#....##.##.
#...#...#...#........##.
........................
.#...#...#...######


You could see an ogre.

Vanquished Creatures
  Grinder (D:3)
  Sigmund (D:2)
  Eustachio (D:5)
  A phantom (D:3)
  A scorpion (D:5)
  A crimson imp (D:5)
  A centaur skeleton (D:4)
  An iguana (D:4)
  An orc wizard (D:3)
  A worker ant (D:4)
  A hound skeleton (D:4)
  A worker ant zombie (D:5)
  3 gnolls (D:2)
  2 adders (D:4)
  3 oozes
  2 worms (D:3)
  5 dart slugs
  6 leopard geckos
  17 orcs
  7 giant cockroaches
  9 goblins
  7 hobgoblins
  7 jackals
  3 quokkas
  8 bats
  3 frilled lizards
  11 kobolds
  15 rats
120 creatures vanquished.

Notes
Turn   | Place    | Note
-------+----------+-------------------------------------------
     0 | D:1      | Gorglomux the Hill Orc Berserker began the quest for the Orb.
     0 | D:1      | Reached XP level 1. HP: 19/19 MP: 1/1
   110 | D:1      | Reached XP level 2. HP: 17/26 MP: 2/2
   229 | D:1      | Reached skill level 5 in Axes
   630 | D:1      | Reached XP level 3. HP: 31/31 MP: 3/3
   650 | D:1      | Reached ** piety under Trog
   713 | D:2      | Found a sparkling altar of Nemelex Xobeh.
   747 | D:2      | Reached skill level 6 in Axes
   748 | D:2      | Reached XP level 4. HP: 39/39 MP: 4/4
  1040 | D:2      | Noticed Sigmund
  1053 | D:2      | HP: 5/58 [Sigmund/scythe (14)]
  1054 | D:2      | Killed Sigmund
  1054 | D:2      | Reached skill level 8 in Axes
  1054 | D:2      | Reached XP level 5. HP: 6/45 MP: 5/5
  1054 | D:2      | Reached XP level 6. HP: 7/51 MP: 6/6
  1731 | D:3      | Noticed Grinder
  1752 | D:3      | Killed Grinder
  1752 | D:3      | Reached skill level 10 in Axes
  1752 | D:3      | Reached XP level 7. HP: 27/57 MP: 7/7
  2414 | D:3      | Reached *** piety under Trog
  2971 | D:4      | Reached skill level 11 in Axes
  3693 | D:5      | Entered Level 5 of the Dungeon
  3811 | D:5      | Noticed Eustachio
  3829 | D:5      | Killed Eustachio
  3829 | D:5      | Reached skill level 12 in Axes
  3829 | D:5      | Reached XP level 8. HP: 64/64 MP: 8/8
  3888 | D:5      | Reached **** piety under Trog
  3913 | D:5      | HP: 23/96 [ogre/giant club (11)]
  3915 | D:5      | HP: 1/96 [ogre/giant club (22)]
  3918 | D:5      | Annihilated by an ogre

Vault maps used:
D:1:      saegor_arrival_simple_a, minmay_tripent
D:2:      nemelex_spade_bored_becter, uniq_sigmund
D:3:      kennysheep_big_flooded_room, uniq_grinder
D:5:      cheibrodos_fzero, minmay_temple_entry_fiery, first_bread,
          lightli_ossuary_entry_decrepit_ruins, uniq_eustachio

Skill      XL: |  1  2  3  4  5  6  7 |
---------------+----------------------+-----
Axes           | 5 6 8 10 12 | 12.3
Fighting       | |  3.6
Armour         | |  2.1
Dodging        | |  1.5

Action                   |  1- 3 |  4- 6 |  7- 9 || total
-------------------------+-------+-------+-------++-------
Melee: Hand axe          |    78 |    63 |   241 ||   382
Invok: Berserk           |     3 |     2 |     6 ||    11
       Trog's Hand       |       |     1 |       ||     1
  Eat: Chunk             |     1 |     3 |    13 ||    17
       Royal jelly       |       |     1 |       ||     1
Armor: Animal skin       |     9 |       |       ||     9
       Leather armour    |    11 |    16 |       ||    27
       Chain mail        |       |     6 |   107 ||   113
Dodge: Dodged            |    57 |    43 |    90 ||   190

Vault maps used:
D:1:      saegor_arrival_simple_a, minmay_tripent
D:2:      nemelex_spade_bored_becter, uniq_sigmund
D:3:      kennysheep_big_flooded_room, uniq_grinder
D:5:      cheibrodos_fzero, minmay_temple_entry_fiery, first_bread,
          lightli_ossuary_entry_decrepit_ruins, uniq_eustachio

Table legend:
 A = Turns spent in this place as a percentage of turns spent in the entire game.
 B = Non-inter-level travel turns spent in this place as a percentage of non-inter-level travel turns spent in the entire game.
 C = Inter-level travel turns spent in this place as a percentage of turns spent in this place.
 D = Turns resting spent in this place as a percentage of non-inter-level travel turns spent in this place.
 E = Turns spent auto-exploring this place as a percentage of non-inter-level travel turns spent in this place.
 F = Non-inter-level travel turns spent in this place divided by the number of levels of this place that you've seen.
                   A       B       C       D       E      F
               +-------+-------+-------+-------+-------+----------------------
         Total | 100.0 | 100.0 |   0.3 |   2.5 |   7.0 | 382.6
       Dungeon | 100.0 | 100.0 |   0.3 |   2.5 |   7.0 | 382.6
               +-------+-------+-------+-------+-------+----------------------

Table legend:
 A = Kills in this place as a percentage of kills in entire the game.
 B = Kills by you in this place as a percentage of kills by you in the entire game.
 C = Kills by friends in this place as a percentage of kills by friends in the entire game.
 D = Other kills in this place as a percentage of other kills in the entire game.
 E = Experience gained in this place as a percentage of experience gained in the entire game.
 F = Experience gained in this place divided by the number of levels of this place that you have seen.
                   A       B       C       D       E      F
               +-------+-------+-------+-------+-------+----------------------
         Total | 100.0 | 100.0 |  -nan |  -nan | 100.0 | 285.4
       Dungeon | 100.0 | 100.0 |  -nan |  -nan | 100.0 | 285.4
               +-------+-------+-------+-------+-------+----------------------
